 Dungeon Crawl Stone Soup version 0.24-a0-520-g8fd06ad0bc (webtiles) character file.

Game seed: 10500028084603160737

305 Ebbett the Chopper (level 6, -4/84 HPs)
             Began as a Minotaur Berserker on July 27, 2019.
             Was a Believer of Trog.
             Slain by Thantalas's ghost (6 damage)
             ... on level 3 of the Dungeon.
             The game lasted 00:03:36 (1572 turns).

Ebbett the Chopper (Minotaur Berserker)             Turns: 1572, Time: 00:03:37

Health: -4/84      AC:  3    Str: 29    XL:     6   Next: 16%
Magic:  6/14       EV: 13    Int:  4    God:    Trog [**....]
Gold:   55         SH:  0    Dex:  9    Spells: 5/5 levels left

rFire    . . .     SeeInvis .   a - +0 hand axe
rCold    . . .     Gourm    .   (no shield)
rNeg     . . .     Faith    .   b - +0 animal skin
rPois    .         Spirit   .   (helmet restricted)
rElec    .         Reflect  .   (no cloak)
rCorr    .         Harm     .   k - +0 pair of gloves
MR       .....                  (no boots)
Stlth    ..........             m - amulet of regeneration
HPRegen  0.64/turn              d - ring of magical power
MPRegen  0.14/turn              (no ring)

@: berserking (expiring), very quick
A: retaliatory headbutt, horns 2
a: Berserk, Trog's Hand, Renounce Religion


You were on level 3 of the Dungeon.
You worshipped Trog.
Trog was pleased with you.
You were very hungry.

You visited 1 branch of the dungeon, and saw 3 of its levels.

You collected 55 gold pieces.

Inventory:

Hand Weapons
 a - a +0 hand axe (weapon)
Armour
 b - a +0 animal skin (worn)
 k - a +0 pair of gloves (worn)
Jewellery
 d - a ring of magical power (left hand)
 m - an amulet of regeneration (around neck)
Scrolls
 g - a scroll of remove curse {unknown}
 h - 2 scrolls of random uselessness {unknown}
 i - a scroll of magic mapping {unknown}
 l - a scroll of enchant armour {unknown}
Potions
 e - 2 potions of curing {unknown}
 f - a potion of brilliance {unknown}
 j - 2 potions of haste {unknown}
Comestibles
 c - 5 rations


   Skills:
 + Level 5.1 Fighting
 + Level 6.1 Axes
 + Level 3.2 Armour
 + Level 3.6 Dodging
 + Level 0.7 Stealth


You had 5 spell levels left.
You didn't know any spells.
Your spell library was empty.

Dungeon Overview and Level Annotations

Branches:
Dungeon (3/15)

Altars:
Wu Jian

Annotations:
D:3 Richi's ghost, amateur DEWz; Thantalas's ghost, amateur MiCK; stripedtigrrr's ghost, novice MiBe


Innate Abilities, Weirdness & Mutations

You reflexively headbutt those who attack you in melee.
You have a pair of horns on your head.


Message History

You feel stronger.
You closely miss stripedtigrrr's ghost.
Richi's ghost points at you and mumbles some strange words.
The magic dart hits you.
* * * LOW HITPOINT WARNING * * *
Okay, then.
Unknown command.
Stripedtigrrr's ghost closely misses you.
Thantalas's ghost closely misses you.
You closely miss stripedtigrrr's ghost.
Stripedtigrrr's ghost is severely damaged.
You hit Richi's ghost. You slash Thantalas's ghost!
Richi's ghost says, "I practised a lot since I died."
Richi's ghost casts a spell at you. The magic dart hits you!
* * * LOW HITPOINT WARNING * * *
Stripedtigrrr's ghost hits you!
* * * LOW HITPOINT WARNING * * *
Thantalas's ghost hits you.
You die...

... ... ... ##
#.# ## .. #.#
..
#.####.##.####
#..........(..
####.#W##
#....W@.#
###''W###
#$.......(#
#8.......8#
#........?#
#).......?#
##8.....8##
##:♣⌠♣$##


You could see Richi's ghost, Thantalas's ghost and stripedtigrrr's ghost.

Vanquished Creatures
  The ghost of Bapho the Ruffian, an amateur DrTm (D:3)
  A necrophage (D:2)
  4 adders (D:2)
  An ooze (D:1)
  A worm (D:2)
  3 dart slugs
  A giant cockroach (D:2)
  3 goblins
  6 hobgoblins
  4 jackals (D:2)
  5 kobolds
  2 quokkas (D:2)
  A ball python (D:1)
  7 bats
  A frilled lizard (D:2)
  2 rats (D:2)
43 creatures vanquished.

Notes
Turn   | Place    | Note
-------+----------+-------------------------------------------
     0 | D:1      | Ebbett the Minotaur Berserker began the quest for the Orb.
     0 | D:1      | Reached XP level 1. HP: 19/19 MP: 0/0
   150 | D:1      | Reached XP level 2. HP: 16/27 MP: 1/1
   221 | D:1      | Reached skill level 4 in Axes
   723 | D:2      | Noticed a necrophage
   734 | D:2      | Killed a necrophage
   734 | D:2      | Reached skill level 5 in Axes
   734 | D:2      | Reached XP level 3. HP: 22/34 MP: 2/2
   734 | D:2      | Reached XP level 4. HP: 27/41 MP: 3/3
   899 | D:2      | Found an ornate altar of the Wu Jian Council.
   933 | D:2      | Reached XP level 5. HP: 41/47 MP: 4/4
   941 | D:2      | Reached ** piety under Trog
  1550 | D:3      | Found a runed translucent gate.
  1550 | D:3      | Found a runed translucent gate.
  1550 | D:3      | Found a runed translucent gate.
  1550 | D:3      | Noticed Thantalas's ghost (amateur MiCK)
  1550 | D:3      | Noticed Richi's ghost (amateur DEWz)
  1550 | D:3      | Noticed stripedtigrrr's ghost (novice MiBe)
  1550 | D:3      | Noticed Bapho's ghost (amateur DrTm)
  1570 | D:3      | Killed Bapho's ghost
  1570 | D:3      | Reached skill level 5 in Fighting
  1570 | D:3      | Reached skill level 6 in Axes
  1570 | D:3      | Reached XP level 6. HP: 25/56 MP: 5/5
  1572 | D:3      | HP: 2/84 [stripedtigrrr's ghost (14)]
  1572 | D:3      | Slain by Thantalas's ghost

Levels and vault maps discovered:
D:1:      giann_wishing_wells, layout_basic, item_on_display_a
D:2:      layout_basic, nicolae_overflow_crystal_walls, first_ration
D:3:      layout_loops_ring, gammafunk_ghost_cemetery, minmay_misc_feat_five

Skill      XL: |  1  2  3  4  5 |
---------------+----------------+-----
Fighting       | 4 5 |  5.1
Axes           | 5 6 |  6.1
Armour         | 3 |  3.2
Dodging        | 3 |  3.6
Stealth        | |  0.7

Action                   |  1- 3 |  4- 6 || total
-------------------------+-------+-------++-------
Melee: Hand axe          |    32 |    72 ||   104
       Headbutt          |     6 |     8 ||    14
Invok: Berserk           |       |     1 ||     1
  Eat: Chunk             |       |     2 ||     2
Armor: Animal skin       |     3 |    21 ||    24
Dodge: Dodged            |    26 |    53 ||    79

Table legend:
 A = Non-vault XP
 B = Vault XP
 C = Vault XP percentage of total XP
 D = Non-vault monster count
 E = Vault monster count
 F = Vault count percentage of total count
                 A         B        C        D         E       F
            +---------+---------+-------+---------+---------+-------
      Total |     250 |     187 |  42.8 |      42 |       1 |   2.3
            +---------+---------+-------+---------+---------+-------
        D:1 |      30 |       0 |   0.0 |      14 |       0 |   0.0
        D:2 |     220 |       0 |   0.0 |      28 |       0 |   0.0
        D:3 |       0 |     187 | 100.0 |       0 |       1 | 100.0
            +---------+---------+-------+---------+---------+-------
